 Dungeon Crawl Stone Soup version 0.32-a0-900-g30fb1b0edc (webtiles) character file.

Game seed: 7269314555440480720

3770 Biggs the Nimble (level 10, 0/74 HPs)
             Began as a Coglin Hunter on Apr 6, 2024.
             Was a Follower of Okawaru.
             Slain by an orc warrior
             ... wielding a +0 flail
              (18 damage)
             ... on level 7 of the Dungeon.
             The game lasted 00:09:34 (5980 turns).

Biggs the Nimble (Coglin Hunter)                    Turns: 5980, Time: 00:09:35

Health: 0/74       AC:  4    Str: 13    XL:     10   Next: 16%
Magic:  10/10      EV: 17    Int:  8    God:    Okawaru [*.....]
Gold:   372        SH:  0    Dex: 21    Spells: 9/9 levels left

rFire   + . .        a - +4 sling {Yume}
rCold   + . .        d - +0 sling {Paramjit}
rNeg    . . .        c - +0 leather armour
rPois   .            x - +0 helmet
rElec   .            u - scarf {rC+ rF+}
rCorr   .            (no gloves)
SInv    .            (no boots)
Will    .....        (amulet unavailable)
Stlth   ++           (ring unavailable)
HPRegen 0.32/turn    (ring unavailable)
MPRegen 0.12/turn    (no gizmo)

%: no passive effects
@: revved
A: off-hand wielding, slow wielding, warmup strikes, no jewellery
a: Invent Gizmo, Renounce Religion, Heroism


You were on level 7 of the Dungeon.
You worshipped Okawaru.
Okawaru was aware of your devotion.
You visited 2 branches of the dungeon, and saw 9 of its levels.

You collected 372 gold pieces.

Inventory:

Hand Weapons
 a - a +4 sling (weapon) {Yume}
 d - a +0 sling (offhand) {Paramjit}
Armour
 c - a +0 leather armour (worn)
 u - a scarf of resistance (worn)
 x - a +0 helmet (worn)
Scrolls
 b - 2 scrolls of butterflies
 e - 2 scrolls of revelation
 f - 6 scrolls of teleportation
 h - a scroll of fog
 l - 3 scrolls of identify
 n - a scroll of immolation
 t - a scroll of poison
 v - a scroll of amnesia
Potions
 g - 2 potions of might
 i - a potion of magic
 j - 2 potions of lignification {unknown}
 k - 2 potions of invisibility {unknown}
 m - 4 potions of curing
 o - 2 potions of mutation {unknown}
 p - a potion of degeneration {unknown}
 q - a potion of brilliance {unknown}
 r - 2 potions of haste
 s - a potion of attraction {unknown}
 w - a potion of enlightenment {unknown}


   Skills:
 - Level 5.0 Fighting
 - Level 9.0 Ranged Weapons
 + Level 9.6 Dodging
 - Level 0.7 Stealth


You had 9 spell levels left.
You didn't know any spells.
Your spell library contained the following spells:

 Spells                   Type           Power      Damage    Failure   Level
 Freeze                   Ice            0%         1d3       50%         1
 Slow                     Hex            0%         N/A       50%         1
 Confusing Touch          Hex            0%         N/A       86%         3
 Frozen Ramparts          Ice            0%         1d1       86%         3
 Hailstorm                Conj/Ice       0%         3d5       86%         3
 Vampiric Draining        Necr           0%         2d6       86%         3
 Summon Small Mammal      Summ           Unusable   N/A       N/A         1
 Call Canine Familiar     Summ           Unusable   N/A       N/A         3
 Summon Blazeheart Golem  Fire/Summ      Unusable   N/A       N/A         4

Dungeon Overview and Level Annotations

Branches:
Dungeon (8/15)             Temple (1/1) D:7
   Lair: D:8-11

Altars:
Ashenzari
Cheibriados
Elyvilon
Fedhas
Gozag
Hepliaklqana
Kikubaaqudgha
Makhleb
Nemelex Xobeh
Okawaru
Qazlal
Ru
Sif Muna
Trog
Vehumet
Wu Jian
Xom
Yredelemnul
Zin
The Shining One

Shops:
D:3 *   D:4 =

Annotations:
D:5 exclusion: statue


Innate Abilities, Weirdness & Mutations

You can wield a second weapon in your off-hand.
It takes a long time for you to wield or remove held weapons.
Your first few attacks do less damage.
You cannot equip rings or amulets.


Message History

The sling bullet hits the orc warrior but does no damage.
The orc warrior is almost dead.
You shoot a sling bullet.
The sling bullet hits the orc warrior but does no damage.
The orc warrior is almost dead.
The orc warrior hits you with a +0 flail.
You shoot a sling bullet.
The sling bullet barely misses the orc warrior.
The sling bullet hits the kobold brigand!
The kobold brigand is almost dead.
You shoot a sling bullet.
The sling bullet hits the orc warrior but does no damage.
The orc warrior is almost dead.
The orc warrior barely misses you.
You shoot a sling bullet.
The sling bullet hits the orc warrior but does no damage.
The orc warrior is almost dead.
You shoot a sling bullet.
The sling bullet hits the orc warrior but does no damage.
The orc warrior is almost dead.
The orc warrior hits you with a +0 flail!
* * * LOW HITPOINT WARNING * * *
You shoot a sling bullet.
The sling bullet hits the orc warrior but does no damage.
The orc warrior is almost dead.
You shoot a sling bullet.
The sling bullet barely misses the orc warrior.
The sling bullet hits the kobold brigand!
You kill the kobold brigand!
Okawaru accepts your kill. The orc warrior misses you.
You shoot a sling bullet.
The sling bullet barely misses the orc warrior.
The sling bullet hits the orc warrior!
The orc warrior is moderately wounded.
You shoot a sling bullet.
The sling bullet hits the orc warrior but does no damage.
The orc warrior is almost dead.
The orc warrior hits you with a +0 flail!!
You die...

#.#.#.###
#..####..##'#...####
#.......#
#.P#..#.............
........###
#..#..'.........)...
..........#
#..####.......#####.
..........#
#..........####...#)
..........#
#♣.....♣..♣#>.#...'[
..........#
♣......♣###..'...).
..........#
♣P...♣###...#######
.##..#...##
♣♣@♣.##...)##
....##...##
#o♣.♣#..)###
#.#......)# .o#♣♣♣#).##
######....##... ####.##
######.#..##.. ##.....#
....##.#########...#.##
#......# #.)#####
......## ##..##
.......##########..###
##########


You could see 2 orc warriors.

Vanquished Creatures
  Grum (D:7)
  A steam dragon (D:7)
  3 water moccasins
  2 black bears
  3 orc warriors
  An ice beast (D:6)
  2 ogres
  2 centaurs (D:7)
  2 kobold brigands
  A bullfrog (D:5)
  3 gnoll sergeants (D:7)
  2 scorpions
  8 wights
  An electric eel (D:7)
  A howler monkey (D:5)
  3 bombardier beetles
  8 hounds
  3 gnoll boudas
  7 orc priests
  A sleepcap (D:6)
  An iguana (D:5)
  Natasha (thrice) (D:3)
  9 orc wizards
  14 gnolls (D:7)
  8 adders
  A shadow imp (D:5)
  A white imp (D:7)
  4 dart slugs
  A ribbon worm (D:2)
  18 orcs
  5 ball pythons
  7 endoplasms
  6 giant cockroaches
  5 goblins
  6 hobgoblins
  6 jackals
  3 quokkas (D:1)
  5 bats
  4 frilled lizards
  10 kobolds
  6 rats
178 creatures vanquished.

Notes
Turn   | Place    | Note
-------+----------+-------------------------------------------
     0 | D:1      | Biggs the Coglin Hunter began the quest for the Orb.
     0 | D:1      | Reached XP level 1. HP: 16/16 MP: 1/1
    99 | D:1      | Found a faded altar of an unknown god.
   116 | D:1      | Reached XP level 2. HP: 22/22 MP: 2/2
   345 | D:1      | Reached XP level 3. HP: 27/27 MP: 3/3
   833 | D:3      | Reached skill level 5 in Ranged Weapons
   833 | D:3      | Reached XP level 4. HP: 33/33 MP: 4/4
   947 | D:3      | Reached XP level 5. HP: 38/38 MP: 5/5
  1085 | D:3      | Noticed Natasha
  1090 | D:3      | Killed Natasha
  1107 | D:3      | Noticed Natasha
  1111 | D:3      | Killed Natasha
  1112 | D:3      | Reached XP level 6. HP: 38/44 MP: 6/6
  1158 | D:3      | Found a glowing golden altar of the Shining One.
  1195 | D:3      | Noticed Natasha
  1202 | D:3      | Killed Natasha
  1271 | D:3      | Found Joinoylu's General Store.
  1377 | D:3      | Found an ornate altar of the Wu Jian Council.
  1387 | D:3      | Found a snail-covered altar of Cheibriados.
  1462 | D:4      | Found a sparkling altar of Nemelex Xobeh.
  1503 | D:4      | Found Saufor's Jewellery Emporium.
  1542 | D:4      | Noticed a black bear
  1549 | D:4      | Killed a black bear
  1939 | D:5      | Entered Level 5 of the Dungeon
  2002 | D:5      | Reached XP level 7. HP: 50/50 MP: 7/7
  2338 | D:5      | Found a radiant altar of Vehumet.
  2659 | D:6      | Reached XP level 8. HP: 56/56 MP: 8/8
  3002 | D:6      | Reached skill level 5 in Fighting
  3387 | D:7      | Reached XP level 9. HP: 42/68 MP: 9/9
  3502 | D:7      | Reached skill level 5 in Dodging
  4265 | D:7      | Found a staircase to the Ecumenical Temple.
  4295 | Temple   | Entered the Ecumenical Temple
  4303 | Temple   | Became a worshipper of Warmaster Okawaru
  4978 | D:7      | Noticed Grum
  4985 | D:7      | Killed Grum
  5064 | D:7      | Reached * piety under Okawaru
  5511 | D:7      | Reached XP level 10. HP: 66/74 MP: 10/10
  5692 | D:8      | Found a hazy altar of Hepliaklqana.
  5980 | D:7      | Slain by an orc warrior

Illustrated notes

Levels and vault maps discovered:
D:1:      doesnt_arrival_eight_statues, layout_rooms,
          chequers_ecumenical_altar_simple
D:2:      layout_rooms
D:3:      layout_rooms, cheibrodos_worm_habitat, general_overflow_altar,
          nicolae_tso_carved_into_rock, serial_shops, shop, serial_bayou_pond_b,
          minivault_23, uniq_natasha
D:4:      layout_cave_pools, nemelex_spade_bored_becter, nicolae_stop_n_shop_1
D:5:      kennysheep_spiral_hall, layout_basic, vehumet_statue,
          nicolae_figureground_pulse
D:6:      layout_rooms
D:7:      kennysheep_seaside_town, layout_cave_pools, minmay_temple_entry_grid,
          serial_gnoll_camp, gnoll_camp_huts_basic, gnoll_camp_mini_hut,
          grums_kennel, gnoll_camp_mini_hut, fountainhead
D:8:      layout_basic, nicolae_uskayaw_en_pointe, mainiacjoe_overflow_24_doors,
          lightli_church_of_beogh
Temple:   nicolae_temple_bog_church

Skill      XL: |  1  2  3  4  5  6  7  8  9 10 |
---------------+-------------------------------+-----
Ranged Weapons | 4 5 6 7 8 9 |  9.0
Fighting       | 5 |  5.0
Dodging        | 4 8 9 |  9.6
Stealth        | |  0.7

Action                     |  1- 3 |  4- 6 |  7- 9 | 10-12 || total
---------------------------+-------+-------+-------+-------++-------
   Fire: Sling             |   154 |   222 |   822 |   130 ||  1328
    Use: Scroll            |       |       |    11 |       ||    11
         Potion            |       |       |     2 |       ||     2
 Armour: Leather armour    |     3 |    17 |   114 |    26 ||   160
  Dodge: Dodged            |     7 |    11 |   135 |    30 ||   183

Table legend: (Time is in decaauts)
 A = Elapsed time spent in this place.
 B = Non-inter-level travel time spent in this place.
 C = Inter-level travel time spent in this place.
 D = Time resting spent in this place.
 E = Time spent auto-exploring this place.
 F = Levels seen in this place.
 G = Mean time per level.
                   A        B        C        D        E       F      G
               +--------+--------+--------+--------+--------+-----+--------+
         Total |   6022 |   5860 |    162 |    347 |   4486 |   9 |  669.1 |
       Dungeon |   5783 |   5635 |    148 |    155 |   4486 |   8 |  722.9 |
        Temple |    239 |    225 |     14 |    192 |      0 |   1 |  239.0 |
               +--------+--------+--------+--------+--------+-----+--------+

Top non-repeatable levels by time:
     D:7: 2132 daAuts
     D:5: 713 daAuts
     D:6: 694 daAuts
     D:3: 615 daAuts
     D:4: 523 daAuts
     D:1: 443 daAuts
     D:2: 399 daAuts
     D:8: 259 daAuts
  Temple: 239 daAuts
